[Event "ICC tourney 2481 (75 10)"]
[Site "Internet Chess Club"]
[Date "2021.03.27"]
[Round "2"]
[White "CHANDRANI, SHLOK JAYESH:jack2212"]
[Black "CHERUKURI, DEVESH:Deveshc"]
[Result "1-0"]
[ICCResult "Black checkmated"]
[WhiteElo "1739"]
[BlackElo "1532"]
[Opening "QGA, 4.Nc3"]
[ECO "D24"]
[NIC "QG.03"]
[Time "15:32:43"]
[PlyCount "87"]
[TimeControl "4500+10"]

1. d4 d5 2. c4 dxc4 3. Nc3 Nf6 4. Nf3 e6 5. e3 a6 6. Bxc4 b5 7. Bd3 Bb7 8.
Qc2 Nbd7 9. Ne4 Rc8 10. O-O c5 11. Nxf6+ Nxf6 12. Qe2 c4 13. Bc2 Be7 14.
Rd1 Qc7 15. Rb1 O-O 16. e4 Rfd8 17. e5 Nd5 18. Ng5 h6 19. Ne4 Nb4 20. Be3
Nxa2 21. Qg4 Bxe4 22. Bxe4 c3 23. Bxh6 Bf8 24. bxc3 Qxc3 25. Be3 b4 26. Qh5
g6 27. Bxg6 fxg6 28. Qxg6+ Bg7 29. Qxe6+ Kh8 30. Qxa2 Qc4 31. Qa1 Bf8 32.
Bg5 Rd7 33. Rbc1 Qxc1 34. Rxc1 Rxc1+ 35. Qxc1 Rxd4 36. Bf6+ Kg8 37. Qg5+
Kf7 38. e6+ Kxe6 39. Bxd4 Bd6 40. Bc5 Kd7 41. Qd5 b3 42. Qxd6+ Kc8 43. Bb6
b2 44. Qc7# { Black checkmated } 1-0

[Event "ICC tourney 2481 (75 10)"]
[Site "Internet Chess Club"]
[Date "2021.03.27"]
[Round "2"]
[White "POWERS, LEON:PKAYLA"]
[Black "SU, JASMINE ZHIXIN:chessisthebest1"]
[Result "0-1"]
[ICCResult "White resigns"]
[WhiteElo "1714"]
[BlackElo "1806"]
[Opening "Queen's pawn, Mason variation"]
[ECO "D00"]
[NIC "QP.08"]
[Time "15:32:47"]
[PlyCount "92"]
[TimeControl "4500+10"]

1. d4 d5 2. Bf4 Nf6 3. e3 e6 4. Nd2 c5 5. c3 Nc6 6. Ngf3 Be7 7. Bd3 Nh5 8.
Bg3 Nxg3 9. hxg3 h6 10. Qe2 Qc7 11. dxc5 Bxc5 12. Nb3 Bd6 13. Nfd4 Nxd4 14.
Nxd4 a6 15. g4 Qe7 16. O-O-O Bd7 17. Kb1 Bc7 18. f4 O-O-O 19. Rde1 Kb8 20.
Qf3 Qf6 21. Rhf1 Rhe8 22. g5 hxg5 23. fxg5 Qxf3 24. Rxf3 e5 25. Rxf7 exd4
26. cxd4 Bg3 27. Ref1 Rxe3 28. R1f3 Rxf3 29. gxf3 Kc7 30. Kc2 Kd6 31. f4
Rc8+ 32. Kd1 Bg4+ 33. Kd2 Rc7 34. Rxc7 Bxf4+ 35. Kc3 Kxc7 36. g6 Be3 37. b4
Bd7 38. Bc2 Bf2 39. a4 Kd6 40. a5 Ke7 41. Bd3 Kf6 42. Bc2 Bf5 43. Ba4 Bxg6
44. b5 Be1+ 45. Kb3 axb5 46. Bxb5 Bxa5 { White resigns } 0-1

[Event "ICC tourney 2481 (75 10)"]
[Site "Internet Chess Club"]
[Date "2021.03.27"]
[Round "2"]
[White "WELLS, KENNETH S:Shoshonte"]
[Black "BONNELL, LEO W:bonnelleo1"]
[Result "1/2-1/2"]
[ICCResult "Game drawn by mutual agreement"]
[WhiteElo "1626"]
[BlackElo "1832"]
[Opening "French defense"]
[ECO "C11"]
[NIC "FR.04"]
[Time "15:32:50"]
[PlyCount "61"]
[TimeControl "4500+10"]

1. e4 e6 2. d4 d5 3. Nc3 Nf6 4. exd5 exd5 5. Bd3 Nc6 6. Nge2 Bb4 7. O-O O-O
8. Bd2 Re8 9. a3 Bxc3 10. Bxc3 Ne4 11. Bxe4 Rxe4 12. f3 Re8 13. Ng3 Qd6 14.
Qd3 Bd7 15. Rae1 a6 16. Rxe8+ Rxe8 17. Re1 Rxe1+ 18. Bxe1 Qf4 19. Ne2 Qf5
20. Qc3 Qe6 21. Kf1 Bc8 22. Bg3 Qd7 23. Nc1 f6 24. Nd3 b6 25. Nb4 Nxb4 26.
Qxb4 a5 27. Qb3 Ba6+ 28. Kg1 Qe6 29. h3 Bc4 30. Qc3 c6 31. Qe1 { Game drawn
by mutual agreement } 1/2-1/2

[Event "ICC tourney 2481 (75 10)"]
[Site "Internet Chess Club"]
[Date "2021.03.27"]
[Round "2"]
[White "CHERUKURI, NITESH:Niteshc"]
[Black "THOMAS, MICHAEL G:chesslin"]
[Result "1-0"]
[ICCResult "Black resigns"]
[WhiteElo "1690"]
[BlackElo "1790"]
[Opening "Pirc: Austrian attack, 6.Bd3"]
[ECO "B06"]
[NIC "PU.02"]
[Time "15:32:42"]
[PlyCount "87"]
[TimeControl "4500+10"]

1. e4 g6 2. d4 Bg7 3. Nc3 d6 4. f4 Nf6 5. Nf3 O-O 6. Bd3 Na6 7. O-O c5 8.
e5 Nd7 9. Be3 cxd4 10. Bxd4 dxe5 11. Bxe5 Nxe5 12. Nxe5 Nc5 13. Bc4 Be6 14.
Bxe6 Nxe6 15. Qf3 Qd4+ 16. Kh1 Nxf4 17. Ng4 e5 18. Rad1 Qb4 19. Rd7 b6 20.
g3 f5 21. Qb7 Nh5 22. Qd5+ Kh8 23. Nxe5 Qxb2 24. Nf7+ Rxf7 25. Qxa8+ Rf8
26. Rd8 Qb4 27. Rxf8+ Bxf8 28. Qf3 Bc5 29. Nd5 Qe4 30. Qxe4 fxe4 31. Re1
Ng7 32. Rxe4 Nf5 33. Re8+ Kg7 34. Ra8 Nd4 35. Rxa7+ Kh6 36. Rb7 Nxc2 37.
Nxb6 Ne3 38. Nd7 Bd4 39. a4 Kg5 40. a5 Kg4 41. a6 Kh3 42. a7 Ng4 43. a8=Q
Nxh2 44. Rb2 { Black resigns } 1-0

[Event "ICC tourney 2481 (75 10)"]
[Site "Internet Chess Club"]
[Date "2021.03.27"]
[Round "2"]
[White "PU, LANDON:landonp"]
[Black "Ghosh, Dipankar:Dipankar007"]
[Result "0-1"]
[ICCResult "White resigns"]
[WhiteElo "1483"]
[BlackElo "1850"]
[Opening "Sicilian: Najdorf"]
[ECO "B90"]
[NIC "SI.14"]
[Time "15:32:45"]
[PlyCount "60"]
[TimeControl "4500+10"]

1. e4 c5 2. Nf3 d6 3. d4 cxd4 4. Nxd4 Nf6 5. Nc3 a6 6. f3 e5 7. Nb3 Be6 8.
Be3 Be7 9. Qd2 O-O 10. O-O-O Qc7 11. Be2 Rc8 12. g4 d5 13. exd5 Nxd5 14.
Nxd5 Bxd5 15. Kb1 Bc6 16. h4 a5 17. h5 Nd7 18. Qe1 a4 19. Nd2 a3 20. b3
Bxf3 21. Rc1 Bxh1 22. c4 Bc6 23. g5 Nf8 24. Qg1 Qd7 25. Bg4 Qd3+ 26. Ka1
Bb4 27. Nb1 Be4 28. Nxa3 Bxa3 29. Bxc8 Bxc1 30. Qxc1 Rxc8 { White resigns }
0-1

[Event "ICC tourney 2481 (75 10)"]
[Site "Internet Chess Club"]
[Date "2021.03.27"]
[Round "2"]
[White "MIYASAKA, JULIA KAITLYN:evilking"]
[Black "YAN, NATHAN:Natey"]
[Result "0-1"]
[ICCResult "White checkmated"]
[WhiteElo "1774"]
[BlackElo "1868"]
[Opening "Giuoco Piano"]
[ECO "C50"]
[NIC "IG.02"]
[Time "15:32:37"]
[PlyCount "64"]
[TimeControl "4500+10"]

1. e4 e5 2. Nf3 Nc6 3. Bc4 Bc5 4. O-O Nf6 5. d3 O-O 6. Nbd2 d6 7. c3 Re8 8.
Re1 Be6 9. Bb3 h6 10. Nf1 Bb6 11. Ng3 Qd7 12. Nh4 d5 13. Qe2 Bg4 14. Qc2
dxe4 15. dxe4 Rad8 16. h3 Be6 17. Be3 Bxe3 18. Rxe3 Bxb3 19. Qxb3 Na5 20.
Qc2 Nc4 21. Ree1 Qd2 22. Qb3 Na5 23. Qa4 Nc6 24. Qb5 Qd7 25. Ngf5 g6 26.
Nxh6+ Kg7 27. Ng4 Nxg4 28. hxg4 Qxg4 29. Qxb7 Qxh4 30. Qxc6 Rh8 31. Kf1 Rd2
32. Qc5 Qh1# { White checkmated } 0-1

[Event "ICC tourney 2481 (75 10)"]
[Site "Internet Chess Club"]
[Date "2021.03.27"]
[Round "2"]
[White "Santiago Gonzalez, Frida:fridanavys1"]
[Black "MOERLIEN, PUWIT SKY:SuperBlueSky"]
[Result "0-1"]
[ICCResult "White resigns"]
[WhiteElo "1850"]
[BlackElo "1631"]
[Opening "Réti: King's Indian attack (Barcza system)"]
[ECO "A07"]
[NIC "QP.09"]
[Time "15:32:44"]
[PlyCount "94"]
[TimeControl "4500+10"]

1. Nf3 d5 2. g3 Nf6 3. Bg2 e6 4. O-O Be7 5. d3 O-O 6. Nbd2 Nbd7 7. e4 b6 8.
e5 Ne8 9. d4 c5 10. c3 g6 11. Re1 Ng7 12. Nf1 Bb7 13. Bh6 Re8 14. Bxg7 Kxg7
15. Ne3 cxd4 16. cxd4 Bb4 17. Nd2 Nb8 18. a3 Be7 19. b4 Nc6 20. Nb3 Ba6 21.
Bf1 Bxf1 22. Rxf1 a6 23. f4 Qd7 24. g4 Kh8 25. g5 Na7 26. Ng4 Nb5 27. Qe1
Rac8 28. Rf3 Red8 29. Nf6 Bxf6 30. exf6 Nd6 31. Rh3 Nf5 32. Qd2 Rc4 33. Rc1
Rdc8 34. Rxc4 Rxc4 35. Rd3 Qc7 36. Qf2 Rc3 37. Qd2 Rxd3 38. Qxd3 Qxf4 39.
Qxa6 Qxg5+ 40. Kh1 Qxf6 41. Qxb6 Nd6 42. Nd2 Nc4 43. Qb8+ Kg7 44. b5 Nxd2
45. Qe5 Qxe5 46. dxe5 Nc4 47. a4 f6 { White resigns } 0-1

[Event "ICC tourney 2481 (75 10)"]
[Site "Internet Chess Club"]
[Date "2021.03.27"]
[Round "2"]
[White "MAZUMDAR, SHAURYA:raremystery"]
[Black "WANG, MAXWELL GEORG:MaxWang"]
[Result "1-0"]
[ICCResult "Black resigns"]
[WhiteElo "1673"]
[BlackElo "1778"]
[Opening "Giuoco Piano"]
[ECO "C50"]
[NIC "IG.02"]
[Time "15:32:50"]
[PlyCount "89"]
[TimeControl "4500+10"]

1. e4 e5 2. Nf3 Nc6 3. Bc4 Bc5 4. O-O Nf6 5. d3 h6 6. c3 d6 7. a4 a6 8.
Nbd2 O-O 9. h3 Re8 10. Re1 Ba7 11. Nf1 Ne7 12. Ng3 c6 13. Bb3 Ng6 14. d4
exd4 15. cxd4 Bd7 16. Qd3 Be6 17. Bxe6 Rxe6 18. Bd2 Qd7 19. b4 Rae8 20. b5
axb5 21. axb5 Bb6 22. Rab1 Bc7 23. bxc6 bxc6 24. Qc2 Bb8 25. Rbc1 Ne7 26.
d5 cxd5 27. Nd4 Rxe4 28. Nxe4 dxe4 29. Be3 Ned5 30. Qc6 Nb4 31. Qxd7 Nxd7
32. Rc4 Nd3 33. Rb1 N7e5 34. Ra4 Bc7 35. Ra7 Bd8 36. Ra8 Kf8 37. Rbb8 Ke7
38. Nf5+ Kd7 39. Ra7+ Kc6 40. Rc8+ Kd5 41. Raa8 Nc6 42. Bb6 Re5 43. Ne3+
Ke6 44. Bxd8 Kd7 45. Rc7+ { Black resigns } 1-0

[Event "ICC tourney 2481 (75 10)"]
[Site "Internet Chess Club"]
[Date "2021.03.27"]
[Round "2"]
[White "RAJU, YAKSHWAG REDDY:Yakshwag"]
[Black "EVANS, SERENA:SerenaE"]
[Result "0-1"]
[ICCResult "White resigns"]
[WhiteElo "1441"]
[BlackElo "1616"]
[Opening "Sicilian: accelerated fianchetto, modern variation with Bc4"]
[ECO "B35"]
[NIC "SI.33"]
[Time "15:33:01"]
[PlyCount "62"]
[TimeControl "4500+10"]

1. e4 c5 2. Nf3 Nc6 3. d4 cxd4 4. Nxd4 g6 5. Nc3 Bg7 6. Be3 Nf6 7. Bc4 O-O
8. Bb3 Qa5 9. O-O d6 10. h3 Bd7 11. f4 Nxd4 12. Bxd4 Bc6 13. a3 Rad8 14.
Re1 e6 15. Qd2 d5 16. e5 Nd7 17. Rad1 Qc7 18. Kh1 b6 19. Rg1 Nc5 20. g4 Qe7
21. Qf2 f5 22. exf6 Bxf6 23. Rde1 Bh4 24. Qe3 Bxe1 25. Rxe1 Ne4 26. Nxe4
dxe4 27. f5 Bd5 28. c4 Ba8 29. fxg6 hxg6 30. c5 Kh7 31. Bd1 Qh4 { White
resigns } 0-1

[Event "ICC tourney 2481 (75 10)"]
[Site "Internet Chess Club"]
[Date "2021.03.27"]
[Round "2"]
[White "Nesham, William Joseph:FireFox95"]
[Black "NAIR, ADVAIT SHANKAR:sujashankar"]
[Result "1/2-1/2"]
[ICCResult "Game drawn by mutual agreement"]
[WhiteElo "1990"]
[BlackElo "1750"]
[Opening "Sicilian: dragon, classical, Richter variation"]
[ECO "B73"]
[NIC "SI.15"]
[Time "15:32:54"]
[PlyCount "102"]
[TimeControl "4500+10"]

1. e4 c5 2. Nf3 d6 3. d4 cxd4 4. Nxd4 Nf6 5. Nc3 g6 6. Be2 Bg7 7. O-O O-O
8. Be3 Nc6 9. Qd2 Bd7 10. f3 Rc8 11. Rad1 a6 12. Kh1 Qc7 13. Nxc6 Bxc6 14.
Bh6 b5 15. a3 Rfd8 16. Bxg7 Kxg7 17. Qe3 a5 18. Bxb5 Bxb5 19. Nxb5 Qxc2 20.
Rd2 Qc4 21. Qe2 Qc5 22. Rfd1 Rb8 23. a4 Rdc8 24. g3 Qc4 25. e5 dxe5 26.
Qxe5 Qxa4 27. Nc3 Qc6 28. Ne4 Qe6 29. Qxe6 fxe6 30. Ng5 e5 31. Re1 Rb5 32.
Rde2 h6 33. Ne6+ Kf7 34. Rxe5 Rxb2 35. Nf4 Rc7 36. Rxa5 g5 37. Nd3 Rd2 38.
Rc5 Rxc5 39. Nxc5 Rd5 40. Rc1 Rd2 41. Re1 Rd5 42. Nb7 Rd2 43. Na5 Rc2 44.
Nb3 Rc4 45. Re5 Rb4 46. Nc5 Rb2 47. g4 Rf2 48. Re3 Nd5 49. Ra3 Nf4 50. Kg1
Nh3+ 51. Kh1 Nf4 { Game drawn by mutual agreement } 1/2-1/2

[Event "ICC tourney 2481 (75 10)"]
[Site "Internet Chess Club"]
[Date "2021.03.27"]
[Round "2"]
[White "THATIPARTHI, VINEETHREDDY:Vinny773175"]
[Black "BRUDNO, STEPHEN:StevChess01"]
[Result "1-0"]
[ICCResult "Black resigns"]
[WhiteElo "1763"]
[BlackElo "1652"]
[Opening "Sicilian: O'Kelly variation"]
[ECO "B28"]
[NIC "SI.43"]
[Time "15:32:49"]
[PlyCount "147"]
[TimeControl "4500+10"]

1. e4 c5 2. Nf3 a6 3. d4 cxd4 4. Nxd4 Nf6 5. Nc3 e5 6. Nf5 d5 7. Ng3 d4 8.
Nb1 Nc6 9. Bd3 Bg4 10. f3 Be6 11. O-O Nd7 12. f4 f6 13. fxe5 fxe5 14. Nd2
Nf6 15. Nf3 h6 16. Nh4 Bf7 17. Qf3 Qd7 18. Qf5 Qxf5 19. Nhxf5 Nd7 20. Bd2
g6 21. Nh4 Be7 22. Nf3 Be6 23. a3 O-O-O 24. b4 b5 25. a4 Bc4 26. Bxc4 bxc4
27. b5 axb5 28. axb5 Nb4 29. Bxb4 Bxb4 30. Rfb1 Bd6 31. Ra6 Nb8 32. Ra4 c3
33. Ne1 Rh7 34. Nd3 Rb7 35. Nh1 Rb6 36. Nhf2 h5 37. Nh3 Rd7 38. Ng5 Rdb7
39. Rc4+ Kd8 40. Rf1 Rxb5 41. Nf7+ Ke7 42. Nxd6 Kxd6 43. Rf6+ Ke7 44. Rxg6
R5b6 45. Rg5 Nd7 46. Rxh5 Re6 47. Rh7+ Kf6 48. Rh6+ Ke7 49. Rxe6+ Kxe6 50.
Rc6+ Ke7 51. h4 Nf6 52. Nxe5 Rb2 53. Nf3 Rxc2 54. Nxd4 Rc1+ 55. Kh2 Ng4+
56. Kg3 Ne3 57. Nf5+ Nxf5+ 58. exf5 c2 59. Kg4 Kf7 60. Kg5 Kg7 61. g4 Kf7
62. h5 Kg7 63. h6+ Kh7 64. Rc7+ Kg8 65. Kg6 Kf8 66. h7 Rh1 67. Rxc2 Rh4 68.
g5 Rh3 69. Re2 Rh4 70. f6 Rh3 71. Ra2 Ke8 72. f7+ Kf8 73. Ra8+ Ke7 74.
f8=Q+ { Black resigns } 1-0

[Event "ICC tourney 2481 (75 10)"]
[Site "Internet Chess Club"]
[Date "2021.03.27"]
[Round "2"]
[White "Xun, Yuxuan:xunyux0"]
[Black "WANG, CHLOE HEATHER:kittycat35"]
[Result "0-1"]
[ICCResult "White checkmated"]
[WhiteElo "1585"]
[BlackElo "1725"]
[Opening "English opening"]
[ECO "A17"]
[NIC "EO.64"]
[Time "15:32:46"]
[PlyCount "64"]
[TimeControl "4500+10"]

1. c4 e6 2. Nc3 Nf6 3. g3 d5 4. cxd5 exd5 5. d4 Nc6 6. Bg2 Bb4 7. e3 Be6 8.
Ne2 Qd7 9. a3 Bxc3+ 10. Nxc3 O-O 11. O-O Rfe8 12. Na4 b6 13. Nc3 Bh3 14.
Bd2 Bxg2 15. Kxg2 Ne7 16. Rc1 Ng6 17. Qb3 c6 18. Ne2 Ne4 19. Rfd1 Qg4 20.
Ng1 Nh4+ 21. Kf1 Nf3 22. Be1 Nxg1 23. Kxg1 Qh3 24. Rxc6 Rad8 25. Rc7 Ng5
26. f4 Nf3+ 27. Kf2 Nxh2 28. Kg1 Ng4 29. Rd3 Rd6 30. Qc2 Rde6 31. Bf2 Rh6
32. Be1 Qh1# { White checkmated } 0-1

[Event "ICC tourney 2481 (75 10)"]
[Site "Internet Chess Club"]
[Date "2021.03.27"]
[Round "2"]
[White "LIANG, ETHAN Y:ELCCEthan488"]
[Black "MUNAGANURI, VAMSI:TacticalVM"]
[Result "1/2-1/2"]
[ICCResult "Game drawn because neither player has mating material"]
[WhiteElo "1783"]
[BlackElo "1678"]
[Opening "Benoni: 6.e4"]
[ECO "A65"]
[NIC "BI.38"]
[Time "15:32:43"]
[PlyCount "110"]
[TimeControl "4500+10"]

1. d4 Nf6 2. c4 c5 3. d5 e6 4. Nc3 exd5 5. cxd5 d6 6. e4 g6 7. Bd3 Bg7 8.
Bf4 a6 9. a4 O-O 10. Nf3 Bg4 11. h3 Bxf3 12. Qxf3 Re8 13. O-O Nh5 14. Bh2
Qe7 15. a5 Nd7 16. Qe2 Rac8 17. f4 f5 18. exf5 Bxc3 19. Qxe7 Bd4+ 20. Kh1
Rxe7 21. fxg6 hxg6 22. Bxg6 Nhf6 23. f5 Ne5 24. g4 Nxg6 25. fxg6 Rd8 26.
Rae1 Nxd5 27. Rxe7 Nxe7 28. Rf7 Nc6 29. Rxb7 Nxa5 30. Ra7 Bxb2 31. Rxa6 c4
32. Rxa5 c3 33. Bf4 c2 34. Bh6 c1=Q+ 35. Bxc1 Bxc1 36. h4 d5 37. Kg2 d4 38.
Kf1 d3 39. Ke1 d2+ 40. Kd1 Re8 41. Rd5 Kg7 42. h5 Re1+ 43. Kc2 d1=Q+ 44.
Rxd1 Rxd1 45. Kxd1 Bh6 46. Ke2 Kf6 47. Kf3 Kg5 48. Kg3 Bg7 49. Kf3 Bh6 50.
Kg3 Bg7 51. Kf3 Bh6 52. Ke4 Kxg4 53. Ke5 Kxh5 54. Kf5 Bg7 55. Ke6 Kxg6 {
Game drawn because neither player has mating material } 1/2-1/2

[Event "ICC tourney 2481 (75 10)"]
[Site "Internet Chess Club"]
[Date "2021.03.27"]
[Round "2"]
[White "Kashyap, Manish B:mnm2"]
[Black "THAIN, JACK:jt1819"]
[Result "0-1"]
[ICCResult "White checkmated"]
[WhiteElo "1547"]
[BlackElo "1740"]
[Opening "Caro-Kann: exchange variation"]
[ECO "B13"]
[NIC "CK.02"]
[Time "15:32:47"]
[PlyCount "158"]
[TimeControl "4500+10"]

1. e4 c6 2. d4 d5 3. exd5 cxd5 4. Bf4 Nf6 5. Nf3 Bg4 6. Nbd2 Nc6 7. c3 e6
8. Qb3 Qb6 9. Qc2 Rc8 10. Bd3 Be7 11. a3 O-O 12. O-O Bxf3 13. Nxf3 Na5 14.
b4 Nc4 15. Ne5 Nxe5 16. Bxe5 h6 17. Rfe1 Nd7 18. Re3 Nxe5 19. dxe5 d4 20.
Rh3 dxc3 21. Qe2 Qd4 22. Rd1 Kh8 23. Bc2 Qc4 24. Qxc4 Rxc4 25. Rd7 Bg5 26.
Rhd3 Rfc8 27. g3 R4c7 28. Kg2 Kg8 29. Kf3 Kf8 30. Ke4 b5 31. f4 Be7 32. Rd1
Rc4+ 33. Ke3 a5 34. bxa5 Ke8 35. a6 Ra8 36. a7 Bc5+ 37. Ke2 Rxa7 38. Rd8+
Ke7 39. Rb8 b4 40. axb4 Rxb4 41. Rxb4 Bxb4 42. Rb1 Ba5 43. Kd3 Rd7+ 44. Kc4
Rd2 45. Ba4 c2 46. Rc1 Rxh2 47. Rxc2 Rxc2+ 48. Bxc2 Be1 49. g4 Bg3 50. Kd4
Bxf4 51. Ke4 Bg5 52. Bd3 Kf8 53. Be2 g6 54. Bf3 Ke7 55. Be2 f5+ 56. Kf3 Kd7
57. Bb5+ Ke7 58. Be2 Bh4 59. Ke3 g5 60. Kf3 Be1 61. Ke3 Bc3 62. Kf3 Bxe5
63. gxf5 exf5 64. Kg2 Kf6 65. Bh5 g4 66. Be8 Kg5 67. Bb5 h5 68. Be2 f4 69.
Bd3 h4 70. Be4 h3+ 71. Kh1 f3 72. Bd3 g3 73. Be4 g2+ 74. Kg1 h2+ 75. Kf2
g1=Q+ 76. Kxf3 h1=Q+ 77. Ke2 Qxe4+ 78. Kd2 Qgd4+ 79. Kc1 Bf4# { White
checkmated } 0-1

[Event "ICC tourney 2481 (75 10)"]
[Site "Internet Chess Club"]
[Date "2021.03.27"]
[Round "2"]
[White "Lu, Samuel:chess-soccer"]
[Black "CAREY, MICHAEL P:xyzchessdude"]
[Result "1/2-1/2"]
[ICCResult "Game drawn by mutual agreement"]
[WhiteElo "1615"]
[BlackElo "1953"]
[Opening "Old Benoni defense"]
[ECO "A43"]
[NIC "OI.09"]
[Time "15:32:39"]
[PlyCount "90"]
[TimeControl "4500+10"]

1. d4 c5 2. c3 Nf6 3. Bf4 Qb6 4. Qb3 d6 5. e3 g6 6. Bd3 Bg7 7. Nd2 Nh5 8.
Bg3 Nxg3 9. hxg3 O-O 10. Ngf3 Be6 11. Qc2 cxd4 12. exd4 Rc8 13. Nf1 Nc6 14.
Qd2 Bg4 15. Ne3 Bxf3 16. gxf3 e5 17. dxe5 dxe5 18. O-O Rd8 19. Qe2 Re8 20.
Kg2 Rad8 21. Rad1 Qc5 22. Be4 h6 23. g4 Bf6 24. Qc2 Kg7 25. Bxc6 Qxc6 26.
c4 Rc8 27. b3 Bg5 28. Qe2 Qe6 29. Nd5 Qc6 30. Rfe1 Re6 31. Qb2 f6 32. Qa3
a6 33. Ne7 Qc5 34. Qxc5 Rxc5 35. Rd7 f5 36. Nxf5+ Kg8 37. Ng3 b5 38. Ne4
Rc8 39. Nxg5 hxg5 40. cxb5 axb5 41. Rb7 Rc2 42. Rd1 Re8 43. Rd6 e4 44.
Rxg6+ Kh8 45. fxe4 Rf8 { Game drawn by mutual agreement } 1/2-1/2

[Event "ICC tourney 2481 (75 10)"]
[Site "Internet Chess Club"]
[Date "2021.03.27"]
[Round "2"]
[White "MEIYAPPAN, KAVYA:kavyameiyappan"]
[Black "KERR, JOSHUA MORGAN:AbleCompany"]
[Result "0-1"]
[ICCResult "White resigns"]
[WhiteElo "1612"]
[BlackElo "1673"]
[Opening "Sicilian"]
[ECO "B50"]
[NIC "SI.01"]
[Time "15:32:38"]
[PlyCount "76"]
[TimeControl "4500+10"]

1. e4 c5 2. Nf3 d6 3. c3 Nf6 4. Be2 Nc6 5. d4 cxd4 6. Nxd4 Nxe4 7. Nxc6
bxc6 8. Qa4 Nf6 9. Qxc6+ Bd7 10. Qf3 g6 11. O-O Bg7 12. h3 O-O 13. b3 Rc8
14. Ba6 Bc6 15. Qe2 Rc7 16. Bb2 Nd5 17. g3 Qd7 18. Kh2 e5 19. Na3 Rb8 20.
c4 Nb4 21. Bb5 a6 22. Bxc6 Qxc6 23. Nc2 Nxc2 24. Qxc2 d5 25. Rfe1 d4 26.
Rad1 Rd8 27. Qe2 Qc5 28. f3 f5 29. Qf2 Rcd7 30. Rd3 Bh6 31. Qc2 Be3 32. Bc1
e4 33. fxe4 fxe4 34. Rdd1 Bxc1 35. Qxc1 e3 36. Rd3 Qf5 37. Qc2 Rf8 38. Qe2
Qe4 { White resigns } 0-1

[Event "ICC tourney 2481 (75 10)"]
[Site "Internet Chess Club"]
[Date "2021.03.27"]
[Round "3"]
[White "CHERUKURI, DEVESH:Deveshc"]
[Black "Santiago Gonzalez, Frida:fridanavys1"]
[Result "1-0"]
[ICCResult "Black checkmated"]
[WhiteElo "1532"]
[BlackElo "1850"]
[Opening "Robatsch defense: Pseudo-Austrian attack"]
[ECO "B06"]
[NIC "KF.05"]
[Time "19:02:17"]
[PlyCount "57"]
[TimeControl "4500+10"]

1. e4 g6 2. d4 Bg7 3. Nc3 d6 4. f4 c5 5. Nf3 Bg4 6. dxc5 Bxc3+ 7. bxc3 dxc5
8. Qxd8+ Kxd8 9. Ne5 Be6 10. f5 Nd7 11. fxe6 Nxe5 12. Bf4 f6 13. Bxe5 fxe5
14. Rd1+ Ke8 15. Bb5+ Kf8 16. O-O+ Nf6 17. g4 g5 18. Rf5 a6 19. Bd7 h6 20.
h3 Kg7 21. Rxe5 b6 22. Rf1 Ra7 23. Bc6 Rd8 24. Ref5 Rd2 25. e5 Nd5 26. Rf7+
Kg8 27. Rf8+ Kg7 28. R1f7+ Kg6 29. Rg8# { Black checkmated } 1-0

[Event "ICC tourney 2481 (75 10)"]
[Site "Internet Chess Club"]
[Date "2021.03.27"]
[Round "3"]
[White "HEBBAR, ESHAAN:solveur"]
[Black "WAKIDA, KEN:Yamato1945"]
[Result "1-0"]
[ICCResult "Black checkmated"]
[WhiteElo "1611"]
[BlackElo "1475"]
[Opening "Queen's pawn game, Krause variation"]
[ECO "D02"]
[NIC "QP.09"]
[Time "19:02:17"]
[PlyCount "73"]
[TimeControl "4500+10"]

1. Nf3 d5 2. d4 c5 3. e3 Nc6 4. g3 Bg4 5. Bg2 e6 6. O-O Nf6 7. h3 Bh5 8. b3
Be7 9. Bb2 Bg6 10. c4 O-O 11. Ne5 Be4 12. f3 Bg6 13. Nxg6 hxg6 14. Nd2 Bd6
15. Kh2 Qc7 16. f4 g5 17. Rc1 cxd4 18. c5 Be7 19. fxg5 Ne4 20. Nxe4 dxe4
21. Bxe4 Bxg5 22. Qh5 Bh6 23. Bb1 f5 24. Rce1 Bxe3 25. a3 Na5 26. Ba2 Rae8
27. b4 Nc6 28. Rxf5 Rxf5 29. Qxf5 Nd8 30. Rf1 Qd7 31. Qd3 Kh8 32. Bb1 g5
33. Qxe3 Nf7 34. Qe4 Nh6 35. Bxd4+ Kg8 36. Qg6+ Qg7 37. Qxg7# { Black
checkmated } 1-0

[Event "ICC tourney 2481 (75 10)"]
[Site "Internet Chess Club"]
[Date "2021.03.27"]
[Round "3"]
[White "Xiao, Michael:michaelxiao"]
[Black "STEINER, ADAMSON:poohfur"]
[Result "0-1"]
[ICCResult "White checkmated"]
[WhiteElo "1332"]
[BlackElo "1692"]
[Opening "Giuoco Piano"]
[ECO "C54"]
[NIC "IG.02"]
[Time "19:02:35"]
[PlyCount "52"]
[TimeControl "4500+10"]

1. e4 e5 2. Nf3 Nc6 3. Bc4 Bc5 4. c3 Nf6 5. d4 exd4 6. cxd4 Bb4+ 7. Bd2
Nxe4 8. Bxb4 Nxb4 9. Bxf7+ Kxf7 10. Qb3+ d5 11. Qxb4 Rf8 12. O-O Kg8 13.
Nc3 Rxf3 14. Rfe1 Rf4 15. Nxe4 dxe4 16. Rad1 Qf6 17. Rd2 Bg4 18. Qxb7 Rf8
19. Qb3+ Kh8 20. Rf1 Bf3 21. gxf3 exf3 22. Kh1 Rh4 23. Qb4 Rxh2+ 24. Kxh2
Qh4+ 25. Kg1 Qg4+ 26. Kh2 Qg2# { White checkmated } 0-1

[Event "ICC tourney 2481 (75 10)"]
[Site "Internet Chess Club"]
[Date "2021.03.27"]
[Round "3"]
[White "THAIN, JACK:jt1819"]
[Black "Nesham, William Joseph:FireFox95"]
[Result "0-1"]
[ICCResult "White resigns"]
[WhiteElo "1740"]
[BlackElo "1990"]
[Opening "Scotch gambit: Dubois-Réti defense"]
[ECO "C55"]
[NIC "KP.02"]
[Time "19:02:17"]
[PlyCount "41"]
[TimeControl "4500+10"]

1. e4 e5 2. Nf3 Nc6 3. d4 exd4 4. Bc4 Nf6 5. e5 d5 6. Bb5 Ne4 7. Nxd4 Bc5
8. Be3 O-O 9. O-O Nxe5 10. f3 Nd6 11. Nc3 c6 12. Be2 Ndc4 13. Qc1 Nxe3 14.
Qxe3 Re8 15. Qd2 b5 16. b3 Qb6 17. Rad1 Bf5 18. Kh1 Bxd4 19. Qxd4 Bxc2 20.
Qxb6 axb6 21. Rc1 { White resigns } 0-1

[Event "ICC tourney 2481 (75 10)"]
[Site "Internet Chess Club"]
[Date "2021.03.27"]
[Round "3"]
[White "WANG, KEVIN:Deepbrainfinal"]
[Black "WU, JAYDEN:SparkyNinja"]
[Result "1-0"]
[ICCResult "Black checkmated"]
[WhiteElo "1415"]
[BlackElo "1679"]
[Opening "Nimzo-Indian: 4.e3"]
[ECO "E40"]
[NIC "NI.17"]
[Time "19:02:19"]
[PlyCount "53"]
[TimeControl "4500+10"]

1. d4 Nf6 2. c4 e6 3. Nc3 Bb4 4. e3 Bxc3+ 5. bxc3 d6 6. Bd3 c5 7. d5 e5 8.
e4 h6 9. a4 Qe7 10. a5 Nbd7 11. Ne2 Nf8 12. O-O Ng6 13. f4 exf4 14. Nxf4
Ne5 15. Re1 O-O 16. h3 Re8 17. Bf1 Kh8 18. Ra2 Qc7 19. Nh5 Nxh5 20. Qxh5
Ng6 21. Rf2 Re7 22. Re3 Bd7 23. Rg3 Kg8 24. Bxh6 gxh6 25. Qxh6 Be8 26.
Rxg6+ fxg6 27. Rf8# { Black checkmated } 1-0

[Event "ICC tourney 2481 (75 10)"]
[Site "Internet Chess Club"]
[Date "2021.03.27"]
[Round "3"]
[White "MUTHUKUMAR, AADITH:dabpacman"]
[Black "NAIR, ADVAIT SHANKAR:sujashankar"]
[Result "1-0"]
[ICCResult "Black checkmated"]
[WhiteElo "1441"]
[BlackElo "1750"]
[Opening "Sicilian: Grand Prix attack"]
[ECO "B23"]
[NIC "SI.44"]
[Time "19:02:24"]
[PlyCount "79"]
[TimeControl "4500+10"]

1. e4 c5 2. Nc3 Nc6 3. f4 g6 4. Nf3 Nd4 5. Bc4 Bg7 6. d3 e6 7. O-O Ne7 8.
Bd2 O-O 9. h3 d5 10. Bb3 a6 11. e5 Nef5 12. Nxd4 Nxd4 13. Ne2 Nxe2+ 14.
Qxe2 b5 15. c4 Bb7 16. a4 dxc4 17. dxc4 bxc4 18. Bxc4 Rb8 19. Be3 Qa5 20.
b3 Bd5 21. Rac1 Bxc4 22. Qxc4 Rfd8 23. Bxc5 Qd2 24. Bd6 Qe3+ 25. Kh1 Rxb3
26. Rf3 Qd2 27. Rxb3 h5 28. Rb7 Kh7 29. Rxf7 Rg8 30. Qc7 Qe3 31. Bf8 Qxc1+
32. Qxc1 Rxf8 33. Rxf8 Bxf8 34. Qc7+ Bg7 35. Qd6 g5 36. Qxe6 h4 37. Qf5+
Kg8 38. e6 a5 39. e7 Bf8 40. exf8=Q# { Black checkmated } 1-0